 Dungeon Crawl Stone Soup version 0.31.0-9-g3a7656b989 (webtiles) character file.

Game seed: 3453358191311993669

212 qw the Skirmisher (level 5, -1/30 HPs)
             Began as a Deep Elf Hunter on Feb 2, 2024.
             Slain by a goblin
             ... wielding a +0 dagger
             ... led by Robin
              (2 damage)
             ... on level 3 of the Dungeon.
             The game lasted 00:00:10 (2777 turns).

qw the Skirmisher (Deep Elf Hunter)                 Turns: 2777, Time: 00:00:10

Health: -1/30      AC:  5    Str: 10    XL:     5   Next: 58%
Magic:  7/7        EV: 11    Int: 14    God:
Gold:   130        SH:  0    Dex: 18    Spells: 4/4 levels left

rFire   . . .        a - +0 shortbow
rCold   . . .        (shield currently unavailable)
rNeg    . . .        k - +0 ring mail
rPois   .            (no helmet)
rElec   .            (no cloak)
rCorr   .            (no gloves)
SInv    .            (no boots)
Will    .....        (no amulet)
Stlth   +            (no ring)
HPRegen 0.25/turn    (no ring)
MPRegen 0.10/turn

%: no passive effects
@: about to teleport
A: no striking features
a: no special abilities


You were on level 3 of the Dungeon.
You visited 1 branch of the dungeon, and saw 3 of its levels.

You collected 130 gold pieces.


   Skills:
 + Level 1.9 Fighting
 - Level 9.0 Ranged Weapons
 - Level 2.4 Dodging
 - Level 1.2 Stealth


You had 4 spell levels left.
You didn't know any spells.
Your spell library was empty.

Inventory:

Hand Weapons
 a - a +0 shortbow (weapon)
Armour
 k - a +0 ring mail (worn)
Scrolls
 c - 3 scrolls of identify
 e - a scroll of teleportation
Potions
 b - 3 potions of mutation {unknown}
 d - a potion of heal wounds {unknown}
 g - a potion of enlightenment
 j - a potion of might {unknown}

Dungeon Overview and Level Annotations

Branches:
Dungeon (3/15)

Altars:

Annotations:
D:3 Robin


Message History

Robin roars a battlecry!
The goblins go into a battle-frenzy!
The goblin hits you with a +0 dagger. x2
You hear a shout!
You shoot an arrow. The arrow hits the goblin.
You kill the goblin!
The goblin closely misses you.
You shoot an arrow. The arrow hits the goblin.
The goblin is heavily wounded.
The goblin hits you with a +0 dagger.
You shoot an arrow. The arrow hits the goblin!
You kill the goblin!
A goblin comes into view. It is wielding a +0 dagger.
You shoot an arrow.
The arrow hits Robin but does no damage.
Robin throws the goblin at you! The goblin hits you with a +0 dagger.
You shoot an arrow. The arrow barely misses the goblin.
The goblin barely misses you.
You shoot an arrow. The arrow hits Robin.
Robin is lightly wounded.
Robin hits you with a +0 club. The goblin barely misses you.
You shoot an arrow. The arrow completely misses Robin.
The arrow barely misses the hobgoblin.
The arrow hits the goblin.
You kill the goblin!
Robin closely misses you. The goblin hits you but does no damage.
You shoot an arrow. The arrow hits Robin.
Robin is heavily wounded.
Robin hits you with a +0 club. The goblin hits you with a +0 dagger.
You shoot an arrow. The arrow hits Robin!
Robin is almost dead.
Robin hits you but does no damage. The goblin completely misses you.
You shoot an arrow.
The arrow hits Robin but does no damage.
Robin is almost dead.
Robin hits you with a +0 club. The goblin hits you with a +0 dagger.
2777 ||| READING 2 scrolls of teleportation.
As you read the scroll of teleportation, it crumbles to dust.
You feel strangely unstable. Robin closely misses you.
The goblin hits you with a +0 dagger.
You die...

#.###..#.#
..#.#.#..#.#
#.#.#....#.#
#)#.#.#.##.#
#.#.#....#.#
#)#...#..#.#
#g###.#..#.#####
.. #g#
#.#........# #.#
#@# #.#..#)###.#
.. #g# #.#.##.#
.#### #.#
#.#.<... .....
#.###.#....##
... #.#.#.######
##############
#.#.#...#
.............#
#.#...#.#
########.....#
#.#.#.#.#
#.....#
#.#.#.#.#


You could see Robin, a hobgoblin (strong) and a goblin (strong).

Vanquished Creatures
  A jelly (D:3)
  5 adders (D:2)
  4 gnolls (D:2)
  2 ribbon worms (D:3)
  8 ball pythons
  11 bats
  6 endoplasms
  3 giant cockroaches
  16 goblins
  10 hobgoblins
  2 jackals (D:2)
  3 kobolds
  3 quokkas
  4 frilled lizards
  12 rats
90 creatures vanquished.

Notes
Turn   | Place    | Note
-------+----------+-------------------------------------------
     0 | D:1      | qw the Deep Elf Hunter began the quest for the Orb.
     0 | D:1      | Reached XP level 1. HP: 12/12 MP: 3/3
     0 | D:1      | 0 ||| qw: Version: 0.3-a-155-g5e7d8dd
     0 | D:1      | 0 ||| qw: Game counter: 1621
     0 | D:1      | 0 ||| qw: Melee chars always use a shield: true
     0 | D:1      | 0 ||| qw: God list: Okawaru
     0 | D:1      | 0 ||| qw: Allow faded altars: false
     0 | D:1      | 0 ||| qw: Do Orc after clearing Dungeon:15 true
     0 | D:1      | 0 ||| qw: Do second Lair branch before Depths: true
     0 | D:1      | 0 ||| qw: Lair rune preference: random
     0 | D:1      | 0 ||| qw: Goals: Normal
     0 | D:1      | 0 ||| PLANNING D:1-11
    55 | D:1      | Found a faded altar of an unknown god.
   183 | D:1      | Reached skill level 6 in Ranged Weapons
   183 | D:1      | Reached XP level 2. HP: 16/16 MP: 4/4
  1090 | D:1      | 1090 ||| UPGRADING to +0 ring mail.
  1100 | D:1      | 1100 ||| DROPPING +0 leather armour.
  1101 | D:1      | 1101 ||| READING scroll labelled RIASHR OTE DUMO.
  1102 | D:1      | 1102 ||| READING 2 scrolls labelled EBRYIC PEOFE.
  1105 | D:1      | 1105 ||| READING 2 scrolls labelled DUUKEM OCEICH.
  1105 | D:1      | 1105 ||| IDENTIFYING dark potion
  1106 | D:1      | 1106 ||| READING scroll of identify.
  1106 | D:1      | 1106 ||| IDENTIFYING emerald potion
  1107 | D:1      | 1107 ||| READING scroll labelled XADDUO VI GUO.
  1208 | D:1      | 1208 ||| DROPPING scroll of butterflies.
  1209 | D:1      | 1209 ||| DROPPING potion of lignification.
  1226 | D:2      | Reached XP level 3. HP: 20/20 MP: 5/5
  1280 | D:2      | Reached skill level 7 in Ranged Weapons
  1419 | D:2      | Reached XP level 4. HP: 25/25 MP: 6/6
  1684 | D:2      | Reached skill level 8 in Ranged Weapons
  1805 | D:2      | Reached XP level 5. HP: 29/29 MP: 7/7
  2418 | D:3      | Reached skill level 9 in Ranged Weapons
  2762 | D:3      | Noticed Robin
  2776 | D:3      | HP: 4/30 [Robin/+0 club (4)]
  2776 | D:3      | HP: 1/30 [goblin/+0 dagger[Robin] (3)]
  2777 | D:3      | 2777 ||| READING 2 scrolls of teleportation.
  2777 | D:3      | Slain by a goblin

Levels and vault maps discovered:
D:1:      kennysheep_arrival_forest, layout_basic,
          shapermc_ecumenical_altar_notcrosses, minmay_misc_feat_encased
D:2:      layout_basic, cheibrodos_gnoll_hut
D:3:      layout_basic, serial_bayou_lagoon_a, minmay_starry_boxes, uniq_robin

Skill      XL: |  1  2  3  4  5 |
---------------+----------------+-----
Ranged Weapons | 6 7 8 9 |  9.0
Fighting       | |  1.9
Dodging        | |  2.4
Stealth        | |  1.2

Action                     |  1- 3 |  4- 6 || total
---------------------------+-------+-------++-------
   Fire: Shortbow          |    90 |   171 ||   261
    Use: Scroll            |     5 |     1 ||     6
 Armour: Leather armour    |     5 |       ||     5
         Ring mail         |    12 |    58 ||    70
  Dodge: Dodged            |     8 |    50 ||    58

Table legend:
 A = Non-vault XP
 B = Vault XP
 C = Vault XP percentage of total XP
 D = Non-vault monster count
 E = Vault monster count
 F = Vault count percentage of total count
                 A         B        C        D         E       F
            +---------+---------+-------+---------+---------+-------
      Total |     260 |      43 |  14.2 |      73 |      17 |  18.9
            +---------+---------+-------+---------+---------+-------
        D:1 |      39 |       0 |   0.0 |      24 |       0 |   0.0
        D:2 |     142 |      18 |  11.2 |      29 |       3 |   9.4
        D:3 |      79 |      25 |  24.0 |      20 |      14 |  41.2
            +---------+---------+-------+---------+---------+-------
